[Event "Titled Tuesday Blitz May 30 Early 2023"]
[White "Dwilewicz, Katarzyna"]
[Black "Larina, Maria"]
[WhiteFideId "1148486"]
[BlackFideId "24113182"]
[WhiteElo "2065"]
[BlackElo "1848"]
[Result "1-0"]
[Round "11"]
[TimeControl "180+2"]
[Date "2023.05.30"]
[WhiteClock "0:00:08"]
[BlackClock "0:00:13"]

1. e4 c6 2. d4 d5 3. Nc3 dxe4 4. Nxe4 Nf6 5. Nxf6+ exf6 6. c3 Bd6 7. Bd3 O-O 8. Qc2 Re8+ 9. Ne2 h5 10. Be3 Nd7 11. O-O-O Nf8 12. c4 Be6 13. Kb1 Rc8 14. Rhe1 b5 15. c5 Be7 16. Nf4 a5 17. Nxh5 Qd5 18. Nf4 Qxa2+ 19. Kc1 Bb3 20. Qb1 Qxb1+ 21. Kxb1 Bxd1 22. Rxd1 Ne6 23. Bf5 Bf8 24. g3 Rc7 25. Ne2 g6 26. Bd3 Rd8 27. b3 a4 28. b4 Bg7 29. g4 Bf8 30. Be4 Ng7 31. Nc3 f5 32. Bf4 Rcc8 33. Bf3 fxg4 34. Bxg4 f5 35. Bf3 Ne6 36. Be3 f4 37. Bg4 Re8 38. Bc1 g5 39. d5 cxd5 40. Nxd5 Kf7 41. Nb6 Rc7 42. Bb2 Bg7 43. Rd6 Bxb2 44. Kxb2 Ng7 45. Rd2 Ne6 46. Bh5+ Kf6 47. Bxe8 Re7 48. Nd5+ Kg7 49. Nxe7 Kf8 50. Bxb5 Kxe7 51. Bxa4 Nxc5 52. bxc5 Kf6 53. c6 Kf5 54. c7 Kg4 55. c8=Q+ Kf3 56. Qc6+ Kg4 57. Bd1+ Kh3 58. Qh6+ Kg2 59. Qxg5+ Kf1 60. Be2+ Ke1 61. Qg1+ Kxd2 62. Qd1# 1-0


[Site "https://www.chess.com"]

[Event "Titled Tuesday Blitz May 30 Early 2023"]
[White "Flis, Pawel"]
[Black "Novikova, Galina"]
[WhiteFideId "1112864"]
[BlackFideId "4157095"]
[WhiteElo "1822"]
[BlackElo "1953"]
[Result "0-1"]
[Round "11"]
[TimeControl "180+2"]
[Date "2023.05.30"]
[WhiteClock "0:01:12"]
[BlackClock "0:01:47"]

1. e4 e6 2. d4 d5 3. Nc3 Bb4 4. e5 c5 5. a3 Bxc3+ 6. bxc3 Ne7 7. a4 b6 8. Bb5+ Bd7 9. Bd3 Bc8 10. Bb5+ Bd7 11. Bd3 h6 12. Nf3 Bc8 13. Bb5+ Bd7 14. Bd3 Nf5 15. Bxf5 exf5 16. O-O Be6 17. Ba3 Nd7 18. c4 O-O 19. cxd5 Bxd5 20. dxc5 Nxc5 21. Bxc5 bxc5 22. Re1 Be4 23. Qe2 Qc7 24. Qc4 Bxf3 25. gxf3 Rad8 26. e6 fxe6 27. Qxe6+ Kh8 28. Qe7 Qf4 29. Qe3 Qh4 30. f4 Rd4 31. Rad1 Rxf4 32. Rd7 Re4 33. Qd2 Qg4+ 34. Kf1 Qh3+ 35. Kg1 Rg4+ 36. Kh1 Qg2# 0-1


[Site "https://www.chess.com"]

[Event "Titled Tuesday Blitz May 30 Early 2023"]
[White "Cramling Bellon, Anna"]
[Black "Kaganskiy, Gleb"]
[WhiteFideId "32009232"]
[BlackFideId "4132025"]
[WhiteElo "1976"]
[BlackElo "2165"]
[Result "1/2-1/2"]
[Round "11"]
[TimeControl "180+2"]
[Date "2023.05.30"]
[WhiteClock "0:00:04"]
[BlackClock "0:00:54"]

1. d4 d5 2. c4 e6 3. Nc3 c6 4. e3 f5 5. g4 Nf6 6. h3 Bd6 7. Bd3 Ne4 8. gxf5 exf5 9. Bxe4 fxe4 10. cxd5 cxd5 11. Qh5+ g6 12. Qxd5 Qe7 13. Nxe4 Bb4+ 14. Bd2 Bxd2+ 15. Nxd2 Be6 16. Qe5 O-O 17. d5 Rf6 18. dxe6 Nc6 19. Qc3 Raf8 20. Ne4 Rxe6 21. Qb3 Kg7 22. f3 Rxe4 23. fxe4 Qh4+ 24. Ke2 Qf2+ 25. Kd3 Rd8+ 26. Kc4 Na5+ 27. Kb4 Nxb3 28. axb3 Qxb2 29. Rf1 1/2-1/2


[Site "https://www.chess.com"]

[Event "Titled Tuesday Blitz May 30 Early 2023"]
[White "Kohler, Aran"]
[Black "Borodavkin, Anatoly"]
[WhiteFideId "1002856"]
[BlackFideId "14150662"]
[WhiteElo "2319"]
[BlackElo "1991"]
[Result "0-1"]
[Round "11"]
[TimeControl "180+2"]
[Date "2023.05.30"]
[WhiteClock "0:00:07"]
[BlackClock "0:00:11"]

1. Nf3 Nc6 2. d4 d5 3. Bf4 Bg4 4. e3 e6 5. Be2 Bd6 6. Bxd6 cxd6 7. O-O Nge7 8. c4 dxc4 9. Bxc4 O-O 10. Nc3 a6 11. h3 Bh5 12. Be2 b5 13. Rc1 Rc8 14. d5 Na5 15. dxe6 fxe6 16. Nd4 Bf7 17. Bg4 Nf5 18. Nxf5 exf5 19. Bxf5 Rc5 20. Bd3 Nc4 21. Qe2 d5 22. Rfd1 Rc6 23. b3 Ne5 24. Bb1 Qc8 25. a4 Rxc3 26. Qb2 Rxc1 27. Rxc1 Qe6 28. axb5 axb5 29. Qe2 Bg6 30. Qxb5 Bxb1 31. Rxb1 Kh8 32. Rd1 Qf5 33. Qe2 Nc6 34. f3 Re8 35. Qd2 Rd8 36. Kf2 h6 37. g4 Qf6 38. Kg3 d4 39. e4 Ne5 40. f4 Nc6 41. e5 Qe6 42. Re1 Qxb3+ 43. Kh4 d3 44. f5 Qc2 45. Rd1 Qxd2 46. Rxd2 Nxe5 47. g5 Nf3+ 48. Kh5 Nxd2 49. Kg6 hxg5 50. h4 gxh4 51. f6 gxf6 52. Kf7 h3 53. Ke7 Ra8 54. Kf7 h2 55. Kg6 h1=Q 56. Kf5 Qf3+ 57. Kg6 Rg8+ 58. Kf7 Qb7+ 59. Ke6 Qc6+ 60. Kf5 Rg5+ 61. Kf4 Qe4# 0-1


[Site "https://www.chess.com"]

[Event "Titled Tuesday Blitz May 30 Early 2023"]
[White "Vaglio Munoz, Jaime"]
[Black "Antonova, Nadezhda"]
[WhiteFideId "6500145"]
[BlackFideId "14700182"]
[WhiteElo "2199"]
[BlackElo "1799"]
[Result "1-0"]
[Round "11"]
[TimeControl "180+2"]
[Date "2023.05.30"]
[WhiteClock "0:00:20"]
[BlackClock "0:00:00"]

1. Nf3 Nf6 2. b3 g6 3. Bb2 Bg7 4. g3 d6 5. d4 O-O 6. Bg2 c5 7. dxc5 dxc5 8. Qc1 Nc6 9. O-O Qc7 10. Rd1 b6 11. Nc3 a6 12. Nd5 Nxd5 13. Bxg7 Kxg7 14. Rxd5 Bb7 15. Rd2 Rad8 16. Qb2+ Kg8 17. Rad1 b5 18. h4 Rxd2 19. Rxd2 Rd8 20. Qc1 Nd4 21. Nxd4 Rxd4 22. c3 Rd7 23. Qd1 Rxd2 24. Qxd2 Bxg2 25. Kxg2 h5 26. e4 Qd6 27. Qe3 Qc6 28. Kf1 Kg7 29. Ke2 e5 30. f4 f6 31. Qd3 Qe6 32. f5 gxf5 33. exf5 Qc6 34. Kf2 e4 35. Qd8 Kf7 36. Ke3 c4 37. b4 Kg7 38. Qe7+ Kh6 39. Qxe4 Qb6+ 40. Qd4 Qc6 41. Qf4+ Kg7 42. Qe4 Qd6 43. Kf3 Qd1+ 44. Qe2 Qh1+ 45. Kf4 Qc1+ 46. Ke4 Qb1+ 47. Kd5 Qxf5+ 48. Kc6 1-0


[Site "https://www.chess.com"]

[Event "Titled Tuesday Blitz May 30 Early 2023"]
[White "Dubreuil, Julien"]
[Black "Tarnowska, Aleksandra"]
[WhiteFideId "621285"]
[BlackFideId "1180967"]
[WhiteElo "2299"]
[BlackElo "1776"]
[Result "1-0"]
[Round "11"]
[TimeControl "180+2"]
[Date "2023.05.30"]
[WhiteClock "0:01:02"]
[BlackClock "0:00:06"]

1. e4 c5 2. Nf3 e6 3. d4 cxd4 4. Nxd4 a6 5. c4 Qc7 6. Nc3 Nf6 7. Bd3 Bb4 8. O-O Nc6 9. Nxc6 dxc6 10. f4 Bc5+ 11. Kh1 h5 12. e5 Ng4 13. Ne4 Ba7 14. c5 b6 15. b4 a5 16. a3 bxc5 17. bxc5 Bb8 18. Nd6+ Kf8 19. Qe2 Ba7 20. Be3 Nxe3 21. Qxe3 g6 22. Rac1 Kg7 23. Qg3 h4 24. Qg4 Bb8 25. Qg5 Qd8 26. Nxf7 Qxg5 27. Nxg5 Ba6 28. Bxa6 Rxa6 29. Nxe6+ Kf7 30. Ng5+ Kg7 31. Rcd1 h3 32. Rd7+ Kh6 33. g4 Rf8 34. Rh7# 1-0


[Site "https://www.chess.com"]

[Event "Titled Tuesday Blitz May 30 Early 2023"]
[White "Zaksaite, Salomeja"]
[Black "KSho99"]
[WhiteFideId "12801496"]
[WhiteElo "2059"]
[BlackElo "2177"]
[Result "1-0"]
[Round "11"]
[TimeControl "180+2"]
[Date "2023.05.30"]
[WhiteClock "0:00:16"]
[BlackClock "0:00:00"]

1. e4 c6 2. d4 d5 3. exd5 cxd5 4. Bd3 Nc6 5. c3 Nf6 6. Nf3 Bg4 7. h3 Bh5 8. Nbd2 e6 9. Nf1 Bd6 10. Ng3 Bg6 11. O-O Qc7 12. Bxg6 hxg6 13. Qe1 O-O 14. Kh2 Nh5 15. Ng1 b5 16. Ne2 b4 17. Kg1 Nxg3 18. fxg3 bxc3 19. bxc3 Na5 20. Bf4 Nc4 21. Rf3 Rab8 22. Nc1 Rfc8 23. Nb3 Bxf4 24. gxf4 Nd6 25. Nc5 Rb2 26. Qc1 Nc4 27. Rf2 Rxf2 28. Kxf2 Qa5 29. Nb3 Qc7 30. Kf3 Rb8 31. Qc2 Na3 32. Qd3 Rc8 33. Rc1 Nc4 34. h4 Rb8 35. g3 1-0


[Site "https://www.chess.com"]

[Event "Titled Tuesday Blitz May 30 Early 2023"]
[White "Cupid, Kevin"]
[Black "Brown, Raehanna"]
[WhiteFideId "7700512"]
[BlackFideId "7402740"]
[WhiteElo "2124"]
[BlackElo "1655"]
[Result "1-0"]
[Round "11"]
[TimeControl "180+2"]
[Date "2023.05.30"]
[WhiteClock "0:01:01"]
[BlackClock "0:00:12"]

1. d4 Nf6 2. Nf3 g6 3. Bg5 Ne4 4. Bf4 Bg7 5. e3 O-O 6. Nbd2 Nf6 7. h3 b6 8. Bd3 Bb7 9. Qe2 d6 10. a3 Nbd7 11. Ba6 Qc8 12. Bxb7 Qxb7 13. c4 c5 14. d5 b5 15. e4 bxc4 16. Nxc4 a5 17. O-O a4 18. Rac1 Rfb8 19. Rfd1 Ne8 20. Bg5 Kf8 21. Rc2 h6 22. Bf4 Kg8 23. e5 Nb6 24. e6 Nxd5 25. exf7+ Kxf7 26. Bc1 Ndf6 27. Re1 e5 28. Nfxe5+ dxe5 29. Nxe5+ Kg8 30. Nxg6 Qd5 31. Ne7+ Kh8 32. Nxd5 Nxd5 33. Qe6 Nec7 34. Qg6 Rb6 35. Qg3 Ne6 36. Be3 Nxe3 37. fxe3 Re8 38. Qg6 Rbb8 39. Qd3 Rec8 40. Qd5 Re8 41. Qc6 Re7 42. Qxa4 Rxb2 43. Rxb2 Bxb2 44. Qh4 Bg7 45. Qxe7 1-0


[Site "https://www.chess.com"]

[Event "Titled Tuesday Blitz May 30 Early 2023"]
[White "Zaichenko, Daria"]
[Black "Kriti Mayur Patel"]
[WhiteFideId "4197453"]
[BlackFideId "35061780"]
[WhiteElo "2039"]
[BlackElo "1306"]
[Result "0-1"]
[Round "11"]
[TimeControl "180+2"]
[Date "2023.05.30"]
[WhiteClock "0:01:44"]
[BlackClock "0:01:22"]

1. e4 e5 2. Nf3 Nc6 3. Bc4 Nf6 4. d3 Bc5 5. c3 O-O 6. Bb3 d6 7. O-O Ne7 8. d4 exd4 9. cxd4 Bb6 10. Nc3 Ng6 11. h3 Re8 12. Re1 Be6 13. Bc2 c5 14. d5 Bd7 15. Bg5 h6 16. Be3 Ba5 17. Nd2 Qc8 18. Kh2 b5 19. a3 Bd8 20. f4 b4 21. Ne2 a5 22. g4 Bxg4 23. hxg4 Nxg4+ 24. Kg3 Nxe3 25. Qc1 Qg4+ 26. Kf2 Nxc2 27. Qxc2 Bh4+ 28. Ke3 Bxe1 29. Rxe1 Qh3+ 30. Nf3 Nh4 31. Ng1 Qg3 32. Rf1 Ng2+ 33. Kd2 Qxf4+ 34. Kd1 Ne3+ 0-1


[Site "https://www.chess.com"]

[Event "Titled Tuesday Blitz May 30 Early 2023"]
[White "Horokoskii"]
[Black "MANOJ_MISHRA123"]
[WhiteElo "2129"]
[BlackElo "2265"]
[Result "1-0"]
[Round "11"]
[TimeControl "180+2"]
[Date "2023.05.30"]
[WhiteClock "0:00:19"]
[BlackClock "0:00:00"]

1. d4 Nf6 2. c4 e5 3. dxe5 Ng4 4. Bf4 Nc6 5. Nf3 Qe7 6. e3 Ngxe5 7. Nxe5 Nxe5 8. Be2 d6 9. O-O Ng6 10. Bg3 Qg5 11. Nc3 h5 12. Qd5 Qxd5 13. Nxd5 Kd8 14. h3 h4 15. Bh2 Be6 16. Rfd1 Bxd5 17. Rxd5 Ne7 18. Rd2 Nc6 19. c5 Be7 20. cxd6 cxd6 21. Bxd6 Bxd6 22. Rxd6+ Kc7 23. Rad1 Rad8 24. Rxd8 Rxd8 25. Rxd8 Kxd8 26. Bf3 Nb4 27. a3 Nd3 28. b3 Kc7 29. Bd5 f6 30. Bc4 Ne5 31. Bd5 b5 32. Kf1 Kd6 33. Bg8 Nd3 34. Ke2 Ne5 35. f4 Nc6 36. Kf3 Ne7 37. Bf7 f5 38. Be8 Kc5 39. e4 a6 40. exf5 Nxf5 41. Bf7 Kd4 42. a4 Kc3 43. axb5 axb5 44. Bg8 Nd4+ 45. Kg4 Nxb3 46. Kxh4 Nc5 47. g4 b4 48. Kg5 Ne4+ 49. Kg6 Nd2 50. Ba2 1-0


[Site "https://www.chess.com"]

[Event "Titled Tuesday Blitz May 30 Early 2023"]
[White "Blackwhite017"]
[Black "Levitan, Caleb Levi"]
[BlackFideId "14332620"]
[WhiteElo "2117"]
[BlackElo "1963"]
[Result "0-1"]
[Round "11"]
[TimeControl "180+2"]
[Date "2023.05.30"]
[WhiteClock "0:00:00"]
[BlackClock "0:00:44"]

1. e4 e5 2. Nf3 Nc6 3. Bb5 a6 4. Ba4 Nf6 5. d3 b5 6. Bb3 Bc5 7. c3 d6 8. h3 h6 9. a4 Bb7 10. Nbd2 O-O 11. O-O Ne7 12. Re1 Ng6 13. d4 Bb6 14. axb5 axb5 15. Rxa8 Qxa8 16. Nf1 Bxe4 17. N1h2 Bxf3 18. Nxf3 e4 19. Nh2 d5 20. f3 Qd8 21. Ng4 Nxg4 0-1


[Site "https://www.chess.com"]

[Event "Titled Tuesday Blitz May 30 Early 2023"]
[White "agvania123"]
[Black "Steenbekkers, Franck"]
[BlackFideId "1004220"]
[WhiteElo "2240"]
[BlackElo "2113"]
[Result "1/2-1/2"]
[Round "11"]
[TimeControl "180+2"]
[Date "2023.05.30"]
[WhiteClock "0:01:26"]
[BlackClock "0:01:52"]

1. c4 Nf6 2. Nf3 g6 3. Nc3 Bg7 4. e3 O-O 5. b3 d6 6. Bb2 e5 7. d4 e4 8. Nd2 Re8 9. Be2 c6 10. O-O d5 11. cxd5 cxd5 12. Rc1 Nc6 13. a3 a5 14. Na4 Bf5 15. Nc5 Qe7 16. Nb1 h5 17. Nc3 Rac8 18. Nb5 Ng4 19. h3 Nf6 20. Qd2 b6 21. Na4 Qe6 22. Nxb6 Bxh3 23. Nxc8 Rxc8 24. gxh3 Qxh3 25. Nd6 Ng4 26. Bxg4 Qxg4+ 27. Kh1 Qh3+ 28. Kg1 Qg4+ 29. Kh2 Qh4+ 30. Kg2 Qg4+ 31. Kh2 Qh4+ 32. Kg1 Qg4+ 1/2-1/2


[Site "https://www.chess.com"]

[Event "Titled Tuesday Blitz May 30 Early 2023"]
[White "Osiecki, Stanislaw"]
[Black "salgadoLO"]
[WhiteFideId "1102990"]
[WhiteElo "2088"]
[BlackElo "2186"]
[Result "0-1"]
[Round "11"]
[TimeControl "180+2"]
[Date "2023.05.30"]
[WhiteClock "0:00:00"]
[BlackClock "0:00:02"]

1. e4 c5 2. c3 Nf6 3. e5 Nd5 4. d4 cxd4 5. Nf3 d6 6. cxd4 Nc6 7. Bc4 dxe5 8. dxe5 Nb6 9. Qxd8+ Nxd8 10. Bb5+ Bd7 11. Bxd7+ Nxd7 12. O-O e6 13. Nc3 Nc6 14. Bf4 Be7 15. Rfd1 a6 16. Ne4 h6 17. a3 g5 18. Bg3 g4 19. Nd4 Ncxe5 20. Bxe5 Nxe5 21. Rac1 Rd8 22. Rc7 Nc6 23. Rxc6 bxc6 24. Rd2 c5 25. Nc6 Rxd2 26. Nxd2 Bd6 27. Ne4 Kd7 28. Na5 Be7 29. Nc4 f6 30. f3 gxf3 31. gxf3 Rb8 32. Kf2 f5 33. Ned2 Bf6 34. b3 Bc3 35. a4 e5 36. Ke2 Ke6 37. Kd3 Bd4 38. Na5 Rg8 39. Nc6 Rg2 40. h3 Rh2 41. Nb8 Rxh3 42. Nxa6 e4+ 43. Ke2 Rh2+ 44. Kd1 e3 45. Nc4 f4 46. Nc7+ Kf5 47. Nb5 Ke6 0-1


[Site "https://www.chess.com"]

[Event "Titled Tuesday Blitz May 30 Early 2023"]
[White "Sarkar, Justin"]
[Black "Dominguez Rincon, Miller Duvan"]
[WhiteFideId "2010011"]
[BlackFideId "4406583"]
[WhiteElo "2168"]
[BlackElo "2013"]
[Result "1-0"]
[Round "11"]
[TimeControl "180+2"]
[Date "2023.05.30"]
[WhiteClock "0:00:03"]
[BlackClock "0:00:00"]

1. e4 e5 2. f4 exf4 3. Nf3 d6 4. Bc4 g5 5. O-O Bg7 6. Nc3 Nc6 7. d4 h6 8. g3 g4 9. Bxf4 gxf3 10. Qxf3 Nxd4 11. Bxf7+ Kxf7 12. Qh5+ Ke7 13. Bg5+ Nf6 14. Nd5+ Kd7 15. Nxf6+ Kc6 16. Bh4 Be6 17. c3 Nc2 18. Rac1 Ne3 19. Rf2 Rf8 20. Nd5 Qe8 21. Qxe8+ Raxe8 22. Nxe3 Bxa2 23. Rxf8 Bxf8 24. Nf5 Rxe4 25. Kf2 Bc4 26. Nd4+ Kb6 27. b3 Be6 28. Kf3 Re5 29. Bf6 c5 30. Bxe5 Bd5+ 31. Ke3 dxe5 32. Nf5 h5 33. c4 Be6 34. Rf1 Kc6 35. Ke4 Bd7 36. Kxe5 b5 37. Nd4+ Kc7 38. Rxf8 1-0


[Site "https://www.chess.com"]

[Event "Titled Tuesday Blitz May 30 Early 2023"]
[White "Ciuffoletti, Paolo"]
[Black "Brod, Manfred"]
[WhiteFideId "807630"]
[BlackFideId "1602110"]
[WhiteElo "2143"]
[BlackElo "2152"]
[Result "1-0"]
[Round "11"]
[TimeControl "180+2"]
[Date "2023.05.30"]
[WhiteClock "0:00:04"]
[BlackClock "0:00:00"]

1. e4 e6 2. d4 d5 3. e5 c5 4. c3 Qb6 5. Nf3 Bd7 6. Be2 Bb5 7. c4 Bxc4 8. Bxc4 dxc4 9. d5 Ne7 10. Qa4+ Nd7 11. d6 Nc6 12. Nbd2 Qb4 13. Qxb4 Nxb4 14. O-O b5 15. a4 Nc2 16. Rb1 a6 17. Ne4 Nd4 18. Be3 Nxf3+ 19. gxf3 Nxe5 20. Bxc5 O-O-O 21. axb5 axb5 22. Ra1 f5 23. Ng5 Bxd6 24. Bxd6 Rxd6 25. Ra8+ Kd7 26. Rxh8 h6 27. Nh3 Rd2 28. Rh7 b4 29. Rxg7+ Kd6 30. Ra1 Rxb2 31. Ra6+ Nc6 32. Nf4 c3 33. Nd3 Rb1+ 34. Kg2 c2 35. Rb7 Kd5 36. Rxc6 Kxc6 37. Rxb4 c1=Q 38. Nxc1 Rxc1 39. Rb8 Rc4 40. Rh8 Rh4 41. Kg3 Rh5 42. f4 Kd6 43. Rd8+ Ke7 44. Rc8 1-0


[Site "https://www.chess.com"]

[Event "Titled Tuesday Blitz May 30 Early 2023"]
[White "Lohani, Sujana"]
[Black "Guevara Sanchez, Erick Marvin"]
[WhiteFideId "12311987"]
[BlackFideId "6700136"]
[WhiteElo "1718"]
[BlackElo "2040"]
[Result "0-1"]
[Round "11"]
[TimeControl "180+2"]
[Date "2023.05.30"]
[WhiteClock "0:00:00"]
[BlackClock "0:00:47"]

1. d4 d5 2. Nf3 Nf6 3. c4 e6 4. g3 c5 5. Bg2 Nc6 6. cxd5 exd5 7. O-O Be7 8. dxc5 Bxc5 9. Nc3 O-O 10. Bg5 Be6 11. Qc1 Bb6 12. Rd1 Re8 13. e3 Rc8 14. Qd2 h6 15. Bxf6 Qxf6 16. Nxd5 Bxd5 17. Qxd5 Qxb2 18. Nd4 Rcd8 19. Qb3 Bxd4 20. exd4 Qxb3 21. axb3 Nxd4 22. Bf1 a6 23. b4 Nc2 24. Rxd8 Rxd8 25. Rb1 b5 26. Bg2 Rd4 27. Rb2 Nxb4 28. Bf3 a5 29. Kg2 g6 30. h4 Kg7 31. Be2 Rd5 32. Bf3 Rc5 33. Rd2 Nc6 0-1


[Site "https://www.chess.com"]

[Event "Titled Tuesday Blitz May 30 Early 2023"]
[White "Lakshmi C"]
[Black "Torres Dominguez, David"]
[WhiteFideId "25035347"]
[BlackFideId "2220857"]
[WhiteElo "1942"]
[BlackElo "1999"]
[Result "0-1"]
[Round "11"]
[TimeControl "180+2"]
[Date "2023.05.30"]
[WhiteClock "0:00:00"]
[BlackClock "0:02:41"]

1. e4 e5 2. Nf3 Nc6 3. Bb5 Nge7 4. O-O g6 5. c3 Bg7 6. d4 O-O 7. Bg5 f6 8. Bh4 exd4 9. cxd4 d5 10. Nc3 dxe4 11. Bc4+ Kh8 12. Nxe4 Bg4 0-1


[Site "https://www.chess.com"]

[Event "Titled Tuesday Blitz May 30 Early 2023"]
[White "Torres Hernandez, Leslie Carolin"]
[Black "Mirzanurov, Bulat"]
[WhiteFideId "8400504"]
[BlackFideId "4184521"]
[WhiteElo "1920"]
[BlackElo "2005"]
[Result "1-0"]
[Round "11"]
[TimeControl "180+2"]
[Date "2023.05.30"]
[WhiteClock "0:00:21"]
[BlackClock "0:00:17"]

1. e4 c5 2. Nf3 d6 3. Bb5+ Nd7 4. a4 Nf6 5. Nc3 a6 6. Be2 e6 7. O-O Be7 8. d3 O-O 9. a5 Nb8 10. e5 Nfd7 11. exd6 Bxd6 12. Be3 Nc6 13. Ne4 Be7 14. Qd2 Qc7 15. Bf4 e5 16. Be3 f5 17. Neg5 Nf6 18. Qc3 Qd6 19. Nd2 Nd5 20. Qb3 Kh8 21. Nc4 Qd8 22. Nf3 Bf6 23. c3 Nxe3 24. fxe3 Be6 25. Nfd2 Qc7 26. Qb6 Qxb6 27. Nxb6 Rad8 28. Ndc4 Be7 29. Rfd1 Bxc4 30. Nxc4 Bd6 31. Bf3 Bc7 32. Bxc6 bxc6 33. Kf1 Rd7 34. Ke2 e4 35. dxe4 Rxd1 36. Rxd1 fxe4 37. g3 Rf7 38. Ne5 Rf6 39. Rd7 Bxa5 40. Nc4 Bxc3 41. bxc3 Kg8 42. Ra7 Kf8 43. Rxa6 Kf7 44. Ne5+ Ke6 45. Nxc6 Kd7 46. Nb8+ Kc7 47. Rxf6 gxf6 48. Na6+ Kb6 49. Nb8 Kc7 50. Na6+ Kb6 51. Nxc5 Kxc5 52. Kd2 Kc4 53. Kc2 f5 54. h3 h5 55. h4 Kc5 56. Kb3 Kb5 57. c4+ Kc5 58. Kc3 Kc6 59. Kd4 Kd6 60. c5+ Kc6 61. Ke5 Kxc5 62. Kxf5 Kd5 63. Kf4 Kd6 64. Kxe4 Ke6 65. Kf4 Kf6 66. e4 Ke6 67. Kg5 Ke5 68. Kxh5 Kxe4 69. Kg5 Ke5 70. g4 Ke6 71. h5 Ke7 72. Kg6 Ke6 73. g5 Ke5 74. Kg7 Ke6 75. g6 Ke5 76. h6 Ke6 77. h7 Ke5 78. h8=Q Ke6 79. Qe8+ Kd5 80. Kf7 Kd4 81. g7 Kc3 82. g8=Q Kb4 83. Kf8 Kc5 84. Qe5+ Kb4 85. Qg4+ Ka3 86. Qe3+ Ka2 87. Qg2+ Ka1 88. Qe1# 1-0


[Site "https://www.chess.com"]

[Event "Titled Tuesday Blitz May 30 Early 2023"]
[White "Sanchez, Robert"]
[Black "dDobravcan"]
[WhiteFideId "2034360"]
[WhiteElo "1815"]
[BlackElo "2098"]
[Result "0-1"]
[Round "11"]
[TimeControl "180+2"]
[Date "2023.05.30"]
[WhiteClock "0:00:54"]
[BlackClock "0:00:02"]

1. e4 c5 2. Nf3 a6 3. c3 d5 4. exd5 Qxd5 5. d4 Nf6 6. Be2 e6 7. O-O Nc6 8. h3 Be7 9. Be3 cxd4 10. cxd4 O-O 11. Nc3 Qd8 12. Rc1 Bd7 13. Ne5 Nb4 14. Bf3 Nbd5 15. Nxd7 Qxd7 16. Re1 b5 17. Bg5 Rac8 18. Nxd5 Nxd5 19. Bxe7 Nxe7 20. Qd2 Rxc1 21. Rxc1 Rd8 22. Qa5 Rc8 23. Rc5 g6 24. Qxa6 Rd8 25. Qxb5 Qxd4 26. a4 Qf4 27. a5 Rb8 28. Qc4 Qd2 29. a6 Rxb2 30. a7 0-1


[Site "https://www.chess.com"]